 Dungeon Crawl Stone Soup version 0.25-a0-285-gcba6f66 (webtiles) character file.

Game seed: 2290504255744157905, levelgen mode: deterministic

380366 silenth the Bludgeoner (level 20, -2/176 HPs)
             Began as a Demigod Fighter on Dec 11, 2019.
             Killed from afar by a lich (49 damage)
             ... with a bolt of cold
             ... on level 1 of the Depths.
             The game lasted 01:23:14 (49052 turns).

silenth the Bludgeoner (Demigod Fighter)           Turns: 49052, Time: 01:23:15

Health: -2/176     AC: 44    Str: 33    XL:     20   Next: 98%
Magic:  0/30       EV: 23    Int: 27    God:
Gold:   739        SH: 16    Dex: 32    Spells: 18/27 levels left

rFire    + + .     SeeInvis .   a - +8 demon whip (freeze)
rCold    . . .     Gourm    .   X - +0 shield of Liofuene {rElec rPois Str+3 Int+2}
rNeg     + . .     Faith    .   n - +12 shadow dragon scales "Posink" {rF+ Str+4 Slay+5 Stlth++++}
rPois    +         Spirit   +   C - +2 hat of the Bear Spirit {Spirit, +Rage rN+ MR++}
rElec    +         Reflect  .   s - +4 cloak "Onemm" {Str+3 Int+5}
rCorr    .         Harm     .   c - +4 pair of gloves "Moips" {rF+ Int+2 Dex+5}
MR       ++++.                  E - +2 pair of boots {Fly}
Stlth    +++++++...             I - amulet of Neami {Acrobat Dex+7}
HPRegen  0.39/turn              T - +4 ring of slaying
MPRegen  0.22/turn              p - +3 ring of dexterity

@: flying
A: high mp 1
}: 2/15 runes: decaying, serpentine
a: Evoke Berserk Rage, Stop Flying


You were on level 1 of the Depths.
You were not hungry.

You visited 7 branches of the dungeon, and saw 37 of its levels.
You also visited: Gauntlet and Ice Cave.

You collected 4883 gold pieces.
You spent 4144 gold pieces at shops.

Inventory:

Hand Weapons
 a - a +8 demon whip of freezing (weapon)
 b - a +2 eveningstar of crushing
Missiles
 A - 17 poisoned darts
 F - 5 boomerangs of dispersal
 G - 3 throwing nets (quivered)
 Q - 17 silver boomerangs
 V - 6 curare-tipped darts
Armour
 c - the +4 pair of gloves "Moips" (worn) {rF+ Int+2 Dex+5}
   (You found it on level 3 of the Lair of Beasts)

   It affects your intelligence (+2).
   It affects your dexterity (+5).
   It protects you from fire.
 n - the +12 shadow dragon scales "Posink" (worn) {rF+ Str+4 Slay+5 Stlth++++}
   (You bought it in a shop on level 2 of the Orcish Mines)

   It affects your strength (+4).
   It affects your accuracy and damage with ranged weapons and melee attacks
   (+5).
   It protects you from fire.
   It makes you much more stealthy.
 s - the +4 cloak "Onemm" (worn) {Str+3 Int+5}
   (You bought it in a shop on level 4 of the Dungeon)

   It affects your strength (+3).
   It affects your intelligence (+5).
 C - the +2 hat of the Bear Spirit (worn) {Spirit, +Rage rN+ MR++}
   (You bought it in a shop on level 9 of the Dungeon)

   It protects you from negative energy.
   It affects your resistance to hostile enchantments.
   It lets you go berserk.
 E - a +2 pair of boots of flying (worn)
 X - the +0 shield of Liofuene (worn) {rElec rPois Str+3 Int+2}
   (You found it on level 13 of the Dungeon)

   It affects your strength (+3).
   It affects your intelligence (+2).
   It insulates you from electricity.
   It protects you from poison.
Jewellery
 p - a +3 ring of dexterity (right hand)
 x - an uncursed ring of see invisible
 I - the amulet of Neami (around neck) {Acrobat Dex+7}
   (You found it on level 9 of the Dungeon)

   [amulet of the acrobat]

   It helps you evade while moving and waiting.
   It affects your dexterity (+7).
 N - an uncursed ring of protection from cold
 T - a +4 ring of slaying (left hand)
Wands
 j - a wand of paralysis (9)
 H - a wand of scattershot (4)
 M - a wand of acid (13)
 O - a wand of enslavement (24)
 P - a wand of flame (84)
 S - a wand of digging (4)
 U - a wand of iceblast (3)
Scrolls
 i - 14 scrolls of identify
 r - 12 scrolls of remove curse
 t - 4 scrolls of summoning
 u - 2 scrolls of fog
 D - 2 scrolls of blinking
 L - 6 scrolls of fear
 W - 4 scrolls of magic mapping
 Y - a scroll of silence
 Z - 3 scrolls of teleportation
Potions
 d - 6 potions of might
 f - 15 potions of curing
 g - 5 potions of heal wounds
 h - 3 potions of mutation
 l - 8 potions of haste
 o - 2 potions of berserk rage
 w - 3 potions of cancellation
 z - 4 potions of resistance
 B - 5 potions of agility
Miscellaneous
 k - 2 boxes of beasts
 m - 2 sacks of spiders
 q - a phial of floods
 y - a lightning rod (4/4)
 J - a phantom mirror
Comestibles
 e - 38 rations


   Skills:
 + Level 14.7 Fighting
 - Level 16.0 Maces & Flails
 - Level 3.7 Throwing
 + Level 13.3 Armour
 + Level 12.8 Dodging
 + Level 10.9 Stealth
 + Level 12.7 Shields
 - Level 4.0 Spellcasting
 - Level 10.0 Hexes
 - Level 10.0 Charms
 - Level 10.0 Necromancy
 - Level 8.0 Evocations


You had 18 spell levels left.
You knew the following spells:

 Your Spells              Type           Power        Failure   Level  Hunger
a - Regeneration          Chrm/Necr      ######....   1%          3    ##.....
b - Animate Skeleton      Necr           N/A          1%          1    None
c - Spectral Weapon       Hex/Chrm       ######..     1%          3    ##.....
d - Song of Slaying       Chrm           ######..     1%          2    None

Your spell library contained the following spells:

 Spells                   Type           Power        Failure   Level  Hunger
 Corona                   Hex            ######.      1%          1    None
 Infusion                 Chrm           ####         1%          1    None
 Pain                     Necr           ####         1%          1    None
 Slow                     Hex            ######..     1%          2    None
 Confuse                  Hex            ######..     1%          3    ##.....
 Tukima's Dance           Hex            ######..     1%          3    ##.....
 Vampiric Draining        Necr           ######....   1%          3    ##.....
 Animate Dead             Necr           N/A          5%          4    ####...
 Ensorcelled Hibernation  Hex/Ice        ####..       6%          2    None
 Shroud of Golubria       Chrm/Tloc      ####..       6%          2    None
 Dazzling Flash           Conj/Hex       ####..       13%         3    ##.....
 Summon Guardian Golem    Hex/Summ       ####....     13%         3    ##.....
 Beastly Appendage        Tmut           #.....       32%         1    None
 Magic Dart               Conj           #...         32%         1    None
 Sandblast                Erth           #.....       32%         1    None
 Summon Small Mammal      Summ           #...         32%         1    None
 Leda's Liquefaction      Hex/Erth       ####......   38%         4    ####...
 Blink                    Tloc           N/A          45%         2    None
 Call Imp                 Summ           #.......     45%         2    None
 Passwall                 Tmut/Erth      #.......     45%         2    None
 Poisonous Vapours        Pois/Air       #.....       45%         2    None
 Sticks to Snakes         Tmut           #.......     45%         2    None
 Call Canine Familiar     Summ           #.......     69%         3    ##.....
 Conjure Flame            Conj/Fire      #.......     69%         3    ##.....
 Mephitic Cloud           Conj/Pois/Air  #.......     69%         3    ##.....
 Spider Form              Tmut/Pois      #.........   69%         3    ##.....
 Stone Arrow              Conj/Erth      #.....       69%         3    ##.....
 Ice Form                 Ice/Tmut       #.......     97%         4    ####...
 Petrify                  Tmut/Erth      #.......     97%         4    ####...
 Summon Ice Beast         Ice/Summ       #.......     97%         4    ####...
 Summon Lightning Spire   Summ/Air       #.......     97%         4    ####...
 Alistair's Intoxication  Tmut/Pois      #.......     100%        5    #####..
 Blade Hands              Tmut           #.........   100%        5    #####..
 Lee's Rapid Deconstruct  Erth           #.........   100%        5    #####..
 Eringya's Noxious Bog    Tmut/Pois      #.........   100%        6    #######
 Freezing Cloud           Conj/Ice/Air   #.........   100%        6    #######
 Ring of Flames           Chrm/Fire      ####......   100%        7    #######
 Chain Lightning          Conj/Air       #.........   100%        8    #######
 Lehudib's Crystal Spear  Conj/Erth      #.........   100%        8    #######
 Fire Storm               Conj/Fire      #.........   100%        9    #######
 Glaciate                 Conj/Ice       #.........   100%        9    #######


Dungeon Overview and Level Annotations

Branches:
Dungeon (15/15)            Temple (0/1) D:6            Lair (6/6) D:9
  Swamp (4/4) Lair:4        Snake (4/4) Lair:4        Slime (0/5) Lair:5
    Orc (2/2) D:12            Elf (0/3) Orc:2        Vaults (4/5) D:14
  Crypt (0/3) Vaults:2     Depths (2/5) D:15          IceCv (visited)
Gauntlet (visited)

Shops:
D:4 [   D:9 [%(=   D:10 !   D:12 *   D:15 %   Orc:2 }}[[%   Snake:1 =}=
Snake:3 }(   Snake:4 *[   Vaults:1 [   Vaults:4 *   Depths:1 ![}=?

Portals:
Hell: Depths:1

Annotations:
D:13 3 runed translucent doors, Luadaf's ghost, journeyman MiFi
Lair:6 2 transporters, CrypticCrinoid's ghost, journeyman MiBe


Innate Abilities, Weirdness & Mutations

You have an increased reservoir of magic. (+10% MP)


Message History

You block the tengu warrior's attack.
The tengu warrior claws you but does no damage.
You whack the tengu warrior! You freeze the tengu warrior.
The tengu warrior is moderately wounded.
Something touches you but does no damage.
You whack the tengu warrior! You freeze the tengu warrior.
The tengu warrior is heavily wounded.
The tengu warrior closely misses you.
You block the tengu warrior's attack. x2
You completely miss the tengu warrior.
The tengu warrior is heavily wounded.
Something touches you.
* * * LOW HITPOINT WARNING * * *
You punish the tengu warrior, causing immense pain!!!
You freeze the tengu warrior.
You kill the tengu warrior!
You miss something.
You hear some strange, mumbled words.
A bolt of cold appears from out of thin air!
The bolt of cold hits you!!!
You die...

#.▓..'.[▓▓▓▓▓.('..▓?........
#.▓(.▓▓▓▓▓▓▓▓▓▓▓.)▓.........
#.▓▓▓▓.........▓▓▓▓...))()..
#.....................8)....
###########..#########(#..##
###########..#########.#..##
#.....................∩.....
#....................(..(...
#..........@{....#####.#####
#.........)......#####8#####
#..<........................
#...........................
##########..########..######
#..# #..# #..# #..# #..#
#..#
##########..########..######


There were no monsters in sight!

Vanquished Creatures
  the Lernaean hydra (Swamp:4)
  Margery (Vaults:2)
  2 tentacled monstrosities
  Rupert (D:14)
  4 sphinxes
  Frances (Swamp:1)
  A tengu reaver (Vaults:4)
  The ghost of juncz the Severer, an adept MiBe of Trog (Swamp:3)
  Kirke (Swamp:1)
  A thorn hunter (Swamp:2)
  9 nagarajas
  An iron dragon (Depths:1)
  2 ghost moths (Vaults:2)
  An orc warlord (Vaults:2)
  2 deep elf sorcerers (Vaults:3)
  Louise (Swamp:4)
  A ghoul (Vaults:4)
  17 vault wardens
  7 stone giants
  A spriggan defender (Depths:2)
  3 very ugly things (Depths:1)
  14 ironheart preservers
  An entropy weaver (Vaults:4)
  A black draconian (Vaults:2)
  A minotaur (Gauntlet)
  A deep elf annihilator (Vaults:2)
  A blizzard demon (IceCv)
  3 ettins
  2 crystal guardians (D:13)
  2 deep elf death magi
  A deep elf high priest (Vaults:2)
  9 yaktaur captains
  5 fire dragons
  2 rakshasas
  4 great orbs of eyes
  Harold (D:7)
  8 ice dragons
  23 vault guards
  29 hydras
  A spriggan air mage (Depths:2)
  A shambling mangrove (Swamp:1)
  3 ghost crabs (Swamp:3)
  10 anacondas
  14 ogre magi
  8 alligators
  15 naga warriors
  A dancing weapon (Vaults:2)
  12 centaur warriors
  4 death knights
  40 two-headed ogres
  5 tengu warriors
  16 death yaks
  A deep troll earth mage (Depths:1)
  3 vampire magi (Depths:1)
  2 deep troll shamans (Depths:1)
  5 deep elf knights
  14 naga sharpshooters
  6 hell knights
  6 shock serpents
  A spriggan berserker (Depths:1)
  7 large abominations
  A shadow wraith (Vaults:1)
  2 iron trolls (Depths:1)
  2 unseen horrors (shapeshifter)
  2 salamander mystics
  5 skeletal warriors
  A fire crab (D:15)
  A deep troll (shapeshifter) (Vaults:4)
  10 deep trolls
  6 naga ritualists
  16 swamp dragons
  An unseen horror (D:11)
  3 wizards
  A spriggan druid (Swamp:3)
  2 orange crystal statues
  A phantasmal warrior (Vaults:1)
  3 deep elf archers
  A glowing orange brain (Vaults:4)
  Pikel (D:7)
  2 flayed ghosts
  7 mana vipers
  19 orc knights
  16 ironbrand convokers
  2 necromancers (Vaults:2)
  6 wolf spiders
  2 lindwurms (Lair:6)
  4 orc sorcerers
  A fire giant zombie (Vaults:2)
  2 oklob plants (Lair:6)
  A faun (shapeshifter) (Vaults:4)
  28 ugly things
  7 salamanders
  15 deep elf magi
  A stone giant zombie (Vaults:2)
  5 cyclopes
  6 elephants (Lair:5)
  A rust devil (Gauntlet)
  A moth of wrath (Gauntlet)
  39 black mambas
  A manticore (D:13)
  A guardian serpent (Snake:3)
  2 ice statues (IceCv)
  A water nymph (shapeshifter) (Depths:1)
  An eye of devastation (shapeshifter) (Vaults:3)
  14 vault sentinels
  Psyche (D:10)
  28 naga magi
  A spiny frog (shapeshifter) (Vaults:1)
  4 torpor snails (Lair:6)
  12 komodo dragons
  3 gargoyles
  19 spiny frogs
  2 rime drakes
  4 kobold demonologists
  46 yaktaurs
  A redback zombie (D:15)
  11 freezing wraiths
  An efreet (D:15)
  12 ice devils (IceCv)
  A queen bee (shapeshifter) (Vaults:1)
  3 tengu conjurers
  A jumping spider (Vaults:4)
  9 trolls
  21 hornets
  A meliai (shapeshifter) (Depths:1)
  5 bog bodies
  31 slime creatures
  11 tyrant leeches
  4 dream sheep (Lair:5)
  Prince Ribbit (D:6)
  20 blink frogs
  9 hippogriffs
  A meliai zombie (D:13)
  A ynoxinul (Gauntlet)
  8 wyverns
  6 redbacks
  5 spriggans
  3 shadows
  5 wraiths
  49 yaks
  A tarantella (shapeshifter) (Vaults:1)
  8 basilisks
  2 fire bats (Lair:6)
  7 small abominations
  A golden eye (shapeshifter) (Vaults:4)
  2 steam dragons
  A hog (Swamp:1)
  23 vampire mosquitoes
  3 basilisks (shapeshifter)
  2 hungry ghosts
  A warg (Vaults:1)
  A soldier ant (D:13)
  44 nagas
  11 insubstantial wisps
  2 acid dragons
  12 water moccasins
  17 swamp worms
  7 porcupines
  52 orc warriors
  18 swamp drakes
  Duvessa (D:6)
  2 sky beasts
  4 black bears
  6 boggarts
  2 eyes of draining
  3 necrophages
  2 phantoms
  3 human zombies (Vaults:2)
  16 wolves
  29 centaurs
  A tengu (shapeshifter) (Vaults:1)
  44 ogres
  17 crocodiles
  4 big kobolds
  23 bullfrogs
  2 gnoll sergeants
  Dowan (D:6)
  A water moccasin zombie (D:8)
  A water moccasin skeleton (D:8)
  3 scorpions
  14 killer bees
  23 wights
  5 howler monkeys
  3 electric eels
  12 crimson imps
  2 bullfrog zombies
  2 centaur zombies
  9 hounds
  A quasit (D:15)
  2 iron imps (Gauntlet)
  A jelly (D:12)
  4 centaur skeletons
  14 orc priests
  Crazy Yiuf (D:7)
  15 orc wizards
  2 bullfrog skeletons (D:10)
  Jessica (D:3)
  13 worker ants
  14 iguanas
  7 hell rats (Lair:2)
  A hound skeleton (D:5)
  2 hound zombies
  11 gnolls
  17 adders
  3 shadow imps
  9 white imps (IceCv)
  An ooze (D:6)
  5 ufetubi (IceCv)
  2 adder skeletons
  An adder zombie (D:6)
  2 worms
  2 dart slugs
  4 leopard geckos
  78 orcs
  4 giant cockroaches
  2 gnoll zombies (D:3)
  A goblin (D:3)
  5 hobgoblins
  13 jackals
  7 quokkas
  2 ball pythons
  9 bats
  4 frilled lizards
  15 kobolds
  A leopard gecko skeleton (D:4)
  5 rats
  3 crawling corpses (Vaults:2)
  2 plants (Lair:6)
1662 creatures vanquished.

Vanquished Creatures (others)
  A naga mage (Snake:3)
  A yaktaur (Vaults:1)
  3 ogres
  A killer bee (D:13)
  A white imp (IceCv)
  4 ufetubi (IceCv)
  2 orcs
  3 bushes (Lair:6)
  12 fungi
  34 plants
  2 spectral weapons (Vaults:4)
  4 withered plants (Gauntlet)
68 creatures vanquished.

Grand Total: 1730 creatures vanquished

Notes
Turn   | Place    | Note
-------+----------+-------------------------------------------
     0 | D:1      | silenth the Demigod Fighter began the quest for the Orb.
     0 | D:1      | Reached XP level 1. HP: 18/18 MP: 3/3
   119 | D:1      | Reached skill level 2 in Maces & Flails
  1104 | D:2      | Reached skill level 3 in Fighting
  1104 | D:2      | Reached XP level 2. HP: 25/26 MP: 4/4
  1150 | D:2      | Noticed a bullfrog
  1155 | D:2      | Killed a bullfrog
  1155 | D:2      | Reached skill level 3 in Maces & Flails
  1155 | D:2      | Reached XP level 3. HP: 26/31 MP: 5/5
  1155 | D:2      | Reached XP level 4. HP: 32/38 MP: 6/6
  1649 | D:3      | Noticed Jessica
  1674 | D:3      | Reached skill level 4 in Maces & Flails
  1686 | D:3      | Killed Jessica
  1686 | D:3      | Reached XP level 5. HP: 29/46 MP: 7/7
  2058 | D:3      | Reached skill level 4 in Fighting
  2241 | D:3      | Noticed an orc warrior
  2271 | D:3      | HP: 3/46 [orc priest/divine providence (11)]
  2602 | D:3      | Found a basalt altar of Yredelemnul.
  2704 | D:4      | Reached skill level 5 in Maces & Flails
  2733 | D:4      | Reached XP level 6. HP: 41/52 MP: 8/8
  2777 | D:4      | Found Basuan's Armour Shoppe.
  2784 | D:4      | Bought a cursed +0 pair of gloves for 19 gold pieces
  2789 | D:4      | Bought a +0 helmet for 58 gold pieces
  2970 | D:4      | Found a shimmering altar of Xom.
  2974 | D:4      | Found a radiant altar of Vehumet.
  2982 | D:4      | Found an ancient bone altar of Kikubaaqudgha.
  3235 | D:5      | Entered Level 5 of the Dungeon
  3256 | D:5      | Found a white marble altar of Elyvilon.
  3359 | D:5      | Found an opulent altar of Gozag.
  3387 | D:5      | Got an ebony trident
  3399 | D:5      | Reached skill level 6 in Maces & Flails
  3401 | D:5      | Identified the +3 trident of Painful Death {pierce, Fragile
                  | rElec Str+6} (You found it on level 5 of the Dungeon)
  3589 | D:5      | Reached XP level 7. HP: 60/60 MP: 9/9
  4010 | D:5      | Got an encrusted whip
  4012 | D:5      | Identified the +9 whip of Gluttony {slash, Dex+4} (You
                  | found it on level 5 of the Dungeon)
  4130 | D:6      | Reached skill level 5 in Fighting
  4217 | D:6      | Got a smoking ring mail
  4228 | D:6      | Identified the +1 ring mail of Indomitability {rPois rC+
                  | rN+++ Int-2} (You found it on level 6 of the Dungeon)
  4278 | D:6      | Found a staircase to the Ecumenical Temple.
  4453 | D:6      | Reached skill level 3 in Armour
  4463 | D:6      | Found a shadowy altar of Dithmenos.
  4477 | D:6      | Found a sacrificial altar of Ru.
  4498 | D:6      | Noticed Duvessa
  4500 | D:6      | Noticed Dowan
  4511 | D:6      | Killed Duvessa
  4511 | D:6      | Reached skill level 1 in Throwing
  4511 | D:6      | Reached skill level 1 in Dodging
  4516 | D:6      | Killed Dowan
  4713 | D:6      | Noticed Prince Ribbit
  4732 | D:6      | Killed Prince Ribbit
  4784 | D:6      | Reached skill level 7 in Maces & Flails
  4784 | D:6      | Reached XP level 8. HP: 69/69 MP: 10/10
  4792 | D:6      | Reached skill level 2 in Throwing
  4876 | D:6      | Found a shattered altar of Ashenzari.
  4915 | D:6      | Reached skill level 2 in Dodging
  5379 | D:7      | Reached skill level 4 in Armour
  5474 | D:7      | Found a basalt altar of Yredelemnul.
  5474 | D:7      | Noticed Pikel
  5487 | D:7      | Killed Pikel
  5487 | D:7      | Reached skill level 6 in Fighting
  5487 | D:7      | Reached skill level 8 in Maces & Flails
  5487 | D:7      | Reached skill level 3 in Dodging
  5491 | D:7      | Got a fine large shield
  5578 | D:7      | Identified the cursed +0 large shield of Xemmuer {Str+4}
                  | (You found it on level 7 of the Dungeon)
  5633 | D:7      | Noticed Harold
  5639 | D:7      | Reached XP level 9. HP: 72/75 MP: 11/11
  5659 | D:7      | Killed Harold
  5659 | D:7      | Reached skill level 5 in Armour
  5881 | D:7      | Reached skill level 9 in Maces & Flails
  5899 | D:7      | Found a runed translucent door.
  5900 | D:7      | Noticed Crazy Yiuf
  6047 | D:7      | Reached skill level 7 in Fighting
  6287 | D:7      | Found a bloodstained altar of Trog.
  6452 | D:7      | Paralysed by Crazy Yiuf for 3 turns
  6457 | D:7      | Killed Crazy Yiuf
  6591 | D:8      | Learned a level 3 spell: Regeneration
  6593 | D:8      | Learned a level 1 spell: Animate Skeleton
  6786 | D:8      | Noticed a two-headed ogre
  6809 | D:8      | Killed a two-headed ogre
  6809 | D:8      | Reached skill level 10 in Maces & Flails
  6809 | D:8      | Reached skill level 1 in Evocations
  6838 | D:8      | Reached XP level 10. HP: 85/86 MP: 14/14
  6842 | D:8      | Reached skill level 2 in Evocations
  6876 | D:8      | Found a stormy altar of Qazlal.
  7164 | D:9      | Found Onuychus's Jewellery Boutique.
  7166 | D:9      | Found Uptas's Armour Emporium.
  7189 | D:9      | Found Viter's Weapon Emporium.
  7245 | D:9      | Found a staircase to the Lair.
  7640 | D:9      | Reached skill level 8 in Fighting
  7709 | D:9      | Found Attirgh's Food Emporium.
  7801 | D:9      | Noticed a wizard
  7814 | D:9      | Killed a wizard
  7814 | D:9      | Reached skill level 11 in Maces & Flails
  7929 | D:9      | Found a shattered altar of Ashenzari.
  8130 | D:9      | Noticed a large abomination
  8147 | D:9      | Killed a large abomination
  9133 | D:9      | Got a wavering ruby amulet
  9135 | D:9      | Identified the amulet of Neami {Acrobat Dex+7} (You found
                  | it on level 9 of the Dungeon)
  9224 | D:10     | Entered Level 10 of the Dungeon
  9253 | D:10     | Noticed Psyche
  9321 | D:9      | Reached skill level 9 in Fighting
  9505 | D:10     | Reached XP level 11. HP: 97/97 MP: 15/15
  9508 | D:10     | Reached skill level 12 in Maces & Flails
  9533 | D:10     | Learned a level 3 spell: Spectral Weapon
  9610 | D:10     | Killed Psyche
  9610 | D:10     | Reached skill level 3 in Shields
 10032 | D:10     | Reached skill level 4 in Dodging
 10175 | D:10     | Found Cego's Distillery.
 10277 | D:10     | Bought a potion of heal wounds for 65 gold pieces
 10277 | D:10     | Bought a potion of curing for 39 gold pieces
 10382 | D:11     | Noticed an unseen horror
 10395 | D:11     | Killed an unseen horror
 10492 | D:11     | Reached skill level 6 in Armour
 10492 | D:11     | Reached skill level 4 in Shields
 10654 | D:11     | Noticed a two-headed ogre
 10666 | D:11     | Killed a two-headed ogre
 10833 | D:11     | Reached skill level 5 in Dodging
 11163 | Lair:1   | Entered Level 1 of the Lair of Beasts
 11186 | Lair:1   | Found a shadowy altar of Dithmenos.
 11272 | Lair:1   | Reached skill level 5 in Shields
 11374 | Lair:1   | Reached skill level 10 in Fighting
 11644 | Lair:1   | You fall into a shaft and drop 1 floor!
 11720 | Lair:1   | Reached XP level 12. HP: 68/106 MP: 17/17
 12026 | Lair:2   | Reached skill level 1 in Hexes
 12026 | Lair:2   | Reached skill level 1 in Charms
 12031 | Lair:2   | Reached skill level 7 in Armour
 12031 | Lair:2   | Reached skill level 1 in Spellcasting
 12036 | Lair:2   | Reached skill level 1 in Necromancy
 12229 | Lair:2   | HP: 9/106 [hell rat (14)]
 12531 | Lair:2   | Found a radiant altar of Vehumet.
 12592 | Lair:2   | Reached skill level 3 in Evocations
 12635 | Lair:2   | Reached skill level 2 in Charms
 12762 | Lair:2   | Reached skill level 6 in Dodging
 12788 | Lair:2   | Reached skill level 2 in Hexes
 12788 | Lair:2   | Reached skill level 2 in Necromancy
 13258 | Lair:3   | Noticed a six-headed hydra
 13265 | Lair:3   | Reached skill level 2 in Spellcasting
 13275 | Lair:3   | Killed a six-headed hydra
 14021 | Lair:2   | Reached skill level 6 in Shields
 14313 | Lair:3   | Got a pair of smoking gloves
 14344 | Lair:3   | Identified the +4 pair of gloves "Moips" {rF+ Int+2 Dex+5}
                  | (You found it on level 3 of the Lair of Beasts)
 14369 | Lair:3   | Noticed a five-headed hydra
 14370 | Lair:3   | Noticed a four-headed hydra
 14397 | Lair:3   | Killed a five-headed hydra
 14397 | Lair:3   | Reached skill level 3 in Charms
 14402 | Lair:3   | Killed a four-headed hydra
 14919 | Lair:3   | Reached skill level 3 in Necromancy
 14932 | Lair:3   | Reached skill level 3 in Hexes
 14939 | Lair:3   | Reached skill level 4 in Evocations
 15565 | Lair:4   | Found a staircase to the Snake Pit.
 15604 | Lair:4   | Reached XP level 13. HP: 103/114 MP: 19/19
 15675 | Lair:4   | Found a gate leading to a gauntlet.
 15768 | Gauntlet | Entered a Gauntlet
 15768 | Gauntlet | Found a transporter.
 15768 | Gauntlet | Found a transporter.
 15774 | Gauntlet | Found a transporter.
 15774 | Gauntlet | Found a transporter.
 15986 | Gauntlet | Found a transporter.
 15995 | Gauntlet | Found a transporter.
 16002 | Gauntlet | Found a transporter.
 16004 | Gauntlet | Found a transporter.
 16004 | Gauntlet | Found a transporter.
 16010 | Gauntlet | Found a large runed translucent door.
 16046 | Gauntlet | Found a transporter.
 16066 | Gauntlet | Found a transporter.
 16099 | Gauntlet | Found a transporter.
 16101 | Gauntlet | Found a large runed translucent door.
 16101 | Gauntlet | Found a large runed translucent door.
 16102 | Gauntlet | Found a large runed translucent door.
 16102 | Gauntlet | Found a large runed translucent door.
 16103 | Gauntlet | Found a large runed translucent door.
 16103 | Gauntlet | Found a runed translucent door.
 16103 | Gauntlet | Found a large runed translucent door.
 16103 | Gauntlet | Found a runed translucent door.
 16103 | Gauntlet | Found a large runed translucent door.
 16103 | Gauntlet | Found a large runed translucent door.
 16104 | Gauntlet | Found a large runed translucent door.
 16104 | Gauntlet | Found a large runed translucent door.
 16107 | Gauntlet | Found a large runed translucent door.
 16107 | Gauntlet | Found a large runed translucent door.
 16109 | Gauntlet | Found a large runed translucent door.
 16109 | Gauntlet | Found a large runed translucent door.
 16109 | Gauntlet | Found a large runed translucent door.
 16111 | Gauntlet | Found a runed translucent gate.
 16111 | Gauntlet | Found a runed translucent gate.
 16111 | Gauntlet | Found a runed translucent gate.
 16113 | Gauntlet | Found a transporter.
 16126 | Gauntlet | Found a transporter.
 16219 | Gauntlet | Found a transporter.
 16237 | Gauntlet | Found a transporter.
 16464 | Gauntlet | Reached skill level 3 in Throwing
 16503 | Gauntlet | Got a distressingly furry cloak
 16514 | Gauntlet | Identified the cursed +0 cloak of Latuapp {rF+++} (You
                  | found it in a Gauntlet)
 16529 | Gauntlet | Noticed a minotaur
 16556 | Gauntlet | Killed a minotaur
 16556 | Gauntlet | Reached skill level 8 in Armour
 16556 | Gauntlet | Reached skill level 4 in Charms
 17016 | Lair:4   | Reached skill level 7 in Dodging
 17050 | Lair:4   | Found a staircase to the Swamp.
 17401 | Lair:4   | Reached skill level 4 in Hexes
 17401 | Lair:4   | Reached skill level 4 in Necromancy
 18292 | Lair:5   | Reached skill level 13 in Maces & Flails
 18850 | Lair:5   | Found a viscous altar of Jiyva.
 18850 | Lair:5   | Found a staircase to the Slime Pits.
 19219 | Lair:6   | Entered Level 6 of the Lair of Beasts
 19422 | Lair:5   | Reached XP level 14. HP: 78/122 MP: 20/20
 19903 | Lair:5   | Reached skill level 14 in Maces & Flails
 20862 | Lair:6   | Found a transporter.
 20874 | Lair:6   | Found a transporter.
 20875 | Lair:6   | Identified the +3 demon trident of Ughocrei {speed, *Noise
                  | MR+ Dex+3}
 20888 | Lair:6   | Identified the +1 war axe of Inference {vamp, Dex+5}
 20888 | Lair:6   | Identified the amulet "Ownom" {RegenMP rC++}
 20888 | Lair:6   | Noticed CrypticCrinoid's ghost (journeyman MiBe)
 20891 | Lair:6   | Found a bloodstained altar of Trog.
 20952 | Lair:6   | Found a runed translucent door.
 21493 | Lair:6   | Reached skill level 15 in Maces & Flails
 22448 | D:4      | Bought the +4 cloak "Onemm" {Str+3 Int+5} for 627 gold
                  | pieces
 22535 | D:9      | Bought the +2 hat of the Bear Spirit {Spirit, +Rage rN+
                  | MR++} for 586 gold pieces
 22535 | D:9      | Found the +2 hat of the Bear Spirit {Spirit, +Rage rN+
                  | MR++}
 22854 | D:12     | Found a staircase to the Orcish Mines.
 23274 | D:12     | Found Noigror's General Store.
 23636 | D:13     | Found a runed translucent door.
 23686 | Orc:1    | Entered Level 1 of the Orcish Mines
 23824 | Orc:2    | Entered Level 2 of the Orcish Mines
 23838 | Orc:1    | Reached skill level 16 in Maces & Flails
 23866 | Orc:1    | Reached skill level 7 in Shields
 24175 | Orc:2    | Reached skill level 11 in Fighting
 24222 | Orc:2    | Found a staircase to the Elven Halls.
 24605 | Orc:2    | Found a roughly hewn altar of Beogh.
 24628 | Orc:2    | Found Nomm's Food Boutique.
 25218 | Orc:2    | Reached XP level 15. HP: 85/129 MP: 18/22
 25412 | Orc:2    | Found Jusouluu's Armour Emporium.
 25413 | Orc:2    | Found Tinlob's Gadget Shop.
 25413 | Orc:2    | Found Paomityhux's Armour Shoppe.
 25416 | Orc:2    | Found Rauxaj's Gadget Boutique.
 25947 | D:13     | Found a runed translucent gate.
 25957 | D:13     | Found a runed translucent gate.
 25960 | D:13     | Found a runed translucent gate.
 26116 | D:13     | Noticed Luadaf's ghost (journeyman MiFi)
 26610 | D:13     | Reached skill level 8 in Dodging
 26790 | D:13     | Reached skill level 9 in Armour
 26801 | D:13     | Got a pitted lajatang
 26833 | D:13     | Got a jewelled shield
 26845 | D:13     | Identified the cursed +0 shield of Liofuene {rElec rPois
                  | Str+3 Int+2} (You found it on level 13 of the Dungeon)
 26852 | D:13     | Identified the cursed +0 lajatang "Keasin" {pain, *Noise
                  | +Blink rElec Dex+10} (You found it on level 13 of the
                  | Dungeon)
 26888 | D:14     | Found a gate to the Vaults.
 26949 | D:14     | Reached skill level 1 in Stealth
 27170 | D:14     | Got a brightly glowing ring mail
 27181 | D:14     | Identified the +0 ring mail of Vasaov {rElec Regen+ Int+3
                  | Dex+2} (You found it on level 14 of the Dungeon)
 27222 | D:14     | Noticed Rupert
 27235 | D:14     | Killed Rupert
 27235 | D:14     | Reached skill level 8 in Shields
 27428 | D:14     | Found a hide-covered altar of Uskayaw.
 27685 | D:15     | Entered Level 15 of the Dungeon
 27797 | D:15     | Reached skill level 2 in Stealth
 27797 | D:15     | Reached skill level 5 in Charms
 27976 | D:15     | Found a staircase to the Depths.
 28199 | D:15     | Reached skill level 5 in Necromancy
 28202 | D:15     | Reached skill level 5 in Hexes
 28246 | D:15     | Reached skill level 3 in Stealth
 28315 | D:15     | Noticed Nessos
 28319 | D:15     | Found Beaghuch's Food Shoppe.
 28332 | D:15     | Noticed Nessos
 28332 | D:15     | Nessos changed into Nessos the fire crab
 28338 | D:15     | Killed Nessos the fire crab
 28782 | Swamp:1  | Entered Level 1 of the Swamp
 29083 | Swamp:1  | Paralysed by a hornet for 1 turns
 29263 | Swamp:1  | Noticed Frances
 29646 | Swamp:1  | Noticed Kirke
 29656 | Swamp:1  | Noticed a sphinx
 29665 | Swamp:1  | Killed Kirke
 29666 | Swamp:1  | Killed Frances
 29666 | Swamp:1  | Reached XP level 16. HP: 139/139 MP: 15/23
 29753 | Swamp:1  | Reached skill level 4 in Stealth
 30013 | Swamp:2  | Reached skill level 6 in Charms
 30018 | Swamp:2  | Reached skill level 9 in Dodging
 30062 | Swamp:2  | Reached skill level 12 in Fighting
 30633 | Swamp:2  | Reached skill level 6 in Hexes
 30646 | Swamp:2  | Reached skill level 9 in Shields
 30646 | Swamp:2  | Reached skill level 6 in Necromancy
 30962 | Swamp:3  | Reached skill level 10 in Armour
 31367 | Swamp:3  | Found a runed translucent gate.
 31368 | Swamp:3  | Found a runed translucent gate.
 31369 | Swamp:3  | Found a runed translucent gate.
 31390 | Swamp:3  | Noticed juncz's ghost (adept MiBe)
 31765 | Swamp:3  | Killed juncz's ghost
 31765 | Swamp:3  | Reached skill level 5 in Stealth
 31865 | Snake:1  | Entered Level 1 of the Snake Pit
 31908 | Snake:1  | Found a frozen archway.
 31977 | IceCv    | Entered an ice cave
 32097 | IceCv    | Got an ichor-stained hat
 32120 | IceCv    | Identified the +4 hat of Conscience {Dex+2} (You found it
                  | in an ice cave)
 32863 | Snake:1  | Found Haupeg's Jewellery Boutique.
 32865 | Snake:1  | Found Ralocain's Gadget Shoppe.
 32866 | Snake:1  | Found Etulimit's Jewellery Boutique.
 33119 | Snake:2  | Reached skill level 7 in Charms
 34776 | Snake:3  | Reached XP level 17. HP: 118/148 MP: 21/24
 34819 | Snake:3  | Reached skill level 7 in Necromancy
 35292 | Orc:2    | Bought the +12 shadow dragon scales "Posink" {rF+ Str+4
                  | Slay+5 Stlth++++} for 1952 gold pieces
 35547 | Snake:3  | Found Ziopyizaekh's Gadget Boutique.
 35571 | Snake:3  | Reached skill level 7 in Hexes
 35574 | Snake:3  | Found Fyhaatau's Antique Weapon Shoppe.
 35610 | Snake:3  | Reached skill level 10 in Dodging
 35662 | Snake:3  | Reached skill level 5 in Evocations
 36449 | Snake:4  | Entered Level 4 of the Snake Pit
 36463 | Snake:4  | Got a polished scimitar
 36464 | Snake:4  | Identified the +7 scimitar "Newtbane" {drain, rC+ Str+4
                  | Dex+4} (You found it on level 4 of the Snake Pit)
 37003 | Snake:4  | Found Dagaoc's General Store.
 37008 | Snake:4  | Found Osashegg's Antique Armour Shop.
 37178 | Snake:4  | Reached skill level 10 in Shields
 38129 | Snake:4  | Reached skill level 11 in Armour
 38129 | Snake:4  | Reached skill level 6 in Stealth
 38144 | Snake:4  | Reached skill level 8 in Charms
 38747 | Snake:4  | Got a serpentine rune of Zot
 39226 | Swamp:4  | Entered Level 4 of the Swamp
 39377 | Swamp:4  | Noticed the 27-headed Lernaean hydra
 39398 | Swamp:4  | Reached skill level 6 in Evocations
 39404 | Swamp:4  | Killed the 27-headed Lernaean hydra
 39423 | Swamp:4  | Reached skill level 8 in Necromancy
 39466 | Swamp:4  | Reached XP level 18. HP: 122/156 MP: 22/26
 39471 | Swamp:4  | Reached skill level 8 in Hexes
 39507 | Swamp:4  | Reached skill level 13 in Fighting
 39526 | Swamp:4  | Got a decaying rune of Zot
 39704 | Swamp:4  | Noticed Louise
 39723 | Swamp:4  | Killed Louise
 40259 | Vaults:1 | Entered Level 1 of the Vaults
 40473 | Vaults:1 | Identified the +5 scale mail of Riaconk {rF+ Str+3 Dex+7}
 40476 | Vaults:1 | Reached skill level 7 in Stealth
 41040 | Vaults:1 | Found Giumuec's Antique Armour Shop.
 41419 | Vaults:1 | Reached skill level 7 in Evocations
 41559 | Vaults:1 | Reached skill level 9 in Charms
 41571 | Vaults:1 | Reached skill level 11 in Dodging
 42111 | Vaults:2 | Noticed Margery
 42505 | Vaults:2 | Found a staircase to the Crypt.
 42505 | Vaults:2 | Found an ancient bone altar of Kikubaaqudgha.
 42506 | Vaults:2 | Found a basalt altar of Yredelemnul.
 42589 | Vaults:2 | Reached skill level 11 in Shields
 42591 | Vaults:2 | Reached skill level 8 in Stealth
 42591 | Vaults:2 | Reached skill level 9 in Necromancy
 42652 | Vaults:2 | Reached skill level 9 in Hexes
 42652 | Vaults:2 | Reached XP level 19. HP: 129/165 MP: 23/29
 43458 | Vaults:2 | Reached skill level 12 in Armour
 43470 | Vaults:2 | Killed Margery
 43597 | Vaults:2 | Reached skill level 8 in Evocations
 44467 | Vaults:3 | Reached skill level 9 in Stealth
 44688 | Vaults:3 | Reached skill level 10 in Charms
 45145 | Vaults:3 | Reached skill level 14 in Fighting
 45490 | Vaults:3 | Reached XP level 20. HP: 174/174 MP: 30/30
 45676 | Vaults:4 | Reached skill level 10 in Necromancy
 45719 | Vaults:4 | Reached skill level 3 in Spellcasting
 45723 | Vaults:4 | Reached skill level 10 in Hexes
 45996 | Vaults:4 | Reached skill level 12 in Dodging
 46247 | Vaults:4 | Identified a scroll of acquirement
 46283 | Vaults:4 | Found Reugig's Assorted Antiques.
 46298 | Vaults:4 | Reached skill level 12 in Shields
 46558 | Vaults:4 | Reached skill level 4 in Spellcasting
 46762 | Vaults:4 | Reached skill level 10 in Stealth
 47753 | Lair:1   | Learned a level 2 spell: Song of Slaying
 47868 | Depths:1 | Entered Level 1 of the Depths
 47895 | Depths:1 | Found Utzipp's Distillery.
 47939 | Depths:1 | Found Xallic's Armour Shoppe.
 47941 | Depths:1 | Reached skill level 13 in Armour
 47992 | Depths:1 | Bought a potion of heal wounds for 80 gold pieces
 47992 | Depths:1 | Bought 2 potions of curing for 96 gold pieces
 47992 | Depths:1 | Bought a potion of haste for 160 gold pieces
 48211 | Depths:1 | Identified the Grimoire of the Rocks and Venom
 48279 | Depths:1 | Found Tylus's Jewellery Emporium.
 48400 | Depths:1 | Found Uwuedera's Gadget Shoppe.
 48623 | Depths:1 | Found a gateway to Hell.
 48860 | Depths:1 | Found Beca's Magic Scroll Shoppe.
 48881 | Depths:1 | Bought 2 scrolls of enchant weapon for 330 gold pieces
 48881 | Depths:1 | Bought a scroll of teleportation for 66 gold pieces
 48881 | Depths:1 | Bought a scroll of teleportation for 66 gold pieces
 49052 | Depths:1 | Killed from afar by a lich

Levels and vault maps discovered:
D:1:      minmay_arrival_widening_spiral_wide, layout_basic
D:2:      layout_basic, first_ration
D:3:      layout_loops_ring, lemuel_zombie_altar_yredelemnul, uniq_jessica
D:4:      layout_rooms, minmay_overflow_temple_star_quad, serial_shops, shop
D:5:      layout_cave_pods, old_standard_altar, lemuel_crystal_altar
D:6:      layout_gridville, minitemple, minmay_temple_entry_sparse_star,
          nicolae_ashenzari_panopticon, uniq_duvessa, uniq_prince_ribbit1
D:7:      layout_loops_ring, lightli_temple_of_fire, the_bakery,
          minmay_misc_feat_rows, yredelemnul_altar_generic,
          uniq_crazy_yiuf_cottage, uniq_harold, uniq_pikel
D:8:      layout_basic, basic_altar, kennysheep_small_circle
D:9:      layout_cave_pools, kennysheep_mini_moat, david_lair_shrubbed,
          serial_shops, shop, shop_fountains, shop, shop,
          chequers_serial_rivers_small_b, laboratory
D:10:     layout_rooms, serial_shops, shop_statue, uniq_psyche
D:11:     layout_loops_ring, mrwooster_statue_mirror
D:12:     layout_irregular_city, kennysheep_orc_monster_closet_entryway,
          serial_shops, nicolae_shop_behind_doors
D:13:     layout_cave_pools, gammafunk_ghost_split, minmay_crystal_box
D:14:     layout_loops_ring, erik_vaults_2, lemuel_round_altar, uniq_rupert
D:15:     hangedman_depths_entry_civil_slaughter, layout_loops_ring,
          serial_shops, shop, minmay_misc_feat_tiny, uniq_nessos
Lair:1:   layout_big_grid, basic_altar, lemuel_fruit_fields
Lair:2:   layout_regular_city, basic_altar
Lair:3:   layout_chaotic_city, chequers_serial_rivers_large_b
Lair:4:   layout_roguey, nicolae_swamp_entry_splash_gauntlet, dummy_snake_entry,
          gauntlet_entry_generic, grunt_megastairs_4, lemuel_fruit_tree
Lair:5:   layout_gridlike, dpeg_slime_entry_enclosed_altar, grunt_megastairs_1,
          infiniplex_staircase_pool
Lair:6:   wormcave, layout_gridlike, guppyfry_lair_end_dragon,
          gammafunk_ghost_wrathful_warriors, wad_woods_06,
          minmay_lair_oklob_chamber
Swamp:1:  layout_basic_swamp, serial_swamp_ruin, evilmike_swamp_ruin_house_5,
          evilmike_swamp_ruin_house_1, evilmike_swamp_ruin_house_3, swamp_pool4,
          nicolae_swamp_snake_nest, uniq_frances, uniq_kirke
Swamp:2:  layout_falls_marsh, evilmike_swamp_ruin_wall, swamp_pool4,
          st_swamp_mini
Swamp:3:  layout_basic_swamp, ebering_ghost_rock_garden,
          evilmike_swamp_ruin_rubble_1
Swamp:4:  swamp, layout_basic_swamp, uniq_louise
Snake:1:  layout_cave_shapes, portal_ice_cave_entry_pillars_1,
          nicolae_snake_shapes, serial_bayou_shore_b, minmay_shop_grove
Snake:2:  layout_basic, corexii_hall_statues_l, st_stairs_11
Snake:3:  layout_honeycomb, serial_shops, nicolae_shop_stone, shop
Snake:4:  snake_pit, layout_gridlike, minmay_shop_star
Orc:1:    layout_caves
Orc:2:    st_orc_rangers, layout_diamond_mine, basic_altar, serial_shops, shop
Vaults:1: vaults_room_door_ring, hangedman_vaults_impose, vaults_mumra_lcd,
          ontoclasm_vaults_tryst, nicolae_vaults_network_s,
          vaults_mumra_minichess_inversion, vaults_mumra_hexcomb,
          hangedman_vaults_nails, vaults_room_semicircle, v_misc_12,
          nicolae_vaults_theta, vaults_room_guarded_vault, v_misc_3, v_misc_24,
          hangedman_vaults_impose, layout_vaults_omnibox, serial_shops,
          nicolae_shop_behind_doors
Vaults:2: st_greater_box_1, nicolae_vaults_theta, v_misc_23,
          minmay_crypt_entry_necro_gods, hangedman_vaults_nails, v_misc_30,
          hangedman_vaults_stagger, vaults_dpeg_ring,
          ontoclasm_vaults_ring_large, nicolae_vaults_network_barrier,
          vaults_dpeg_hooks, nicolae_vaults_mini_display_case,
          layout_vaults_maze_snakey, uniq_margery
Vaults:3: v_misc_33, ontoclasm_vaults_fault, v_misc_13, v_misc_26,
          nicolae_vaults_stairing_the_circle,
          vaults_standard_mumra_enter_the_diamond, nicolae_vaults_rhombus_6,
          layout_vaults_omnigrid
Vaults:4: hangedman_vaults_maws, hangedman_vaults_cutoff, grunt_vaults_diagonal,
          hangedman_vaults_slice, nicolae_vaults_network_star, vaults_mumra_hex,
          hangedman_vaults_cutoff, ontoclasm_vaults_idyll,
          nicolae_vaults_statue_guard, vaults_room_pool,
          layout_vaults_omnicross, serial_shops, nicolae_shop_overgrown_old_shop
Depths:1: layout_long_grid, serial_shops, shop, nicolae_shop_stone, shop,
          shop_statue, minmay_crystal_water, grunt_hell_entry_dis_old,
          hangedman_abyss_or_decor_passed, minmay_shop_enchanted_jewellery,
          wad_scary_box
Depths:2: minmay_the_grid_3x3 [minmay_the_grid_garden,
          minmay_the_grid_small_cups, minmay_the_grid_fan, minmay_the_grid_x,
          minmay_the_grid_tri_star, minmay_the_grid_minigrid_small_alt,
          minmay_the_grid_tree, minmay_the_grid_slots,
          minmay_the_grid_prize_inner_circle], layout_cave_pools,
          marbit_kobold_abyss_entry, chequers_serial_rivers_small_3,
          serial_shops, nicolae_shop_waterfront, pf_vacation_house_of_asmodeus,
          minislime_mu

Skill      XL: |  1  2  3  4  5  6  7  8  9 10 11 12 13 14 15 16 17 18 19 20 |
---------------+-------------------------------------------------------------+-----
Maces & Flails | 2 3 4 5 6 7 8 10 11 12 13 16 | 16.0
Fighting       | 3 4 5 6 7 9 10 11 12 13 14 | 14.7
Armour         | 3 4 5 6 7 8 9 10 11 12 13 | 13.3
Throwing       | 1 2 3 |  3.7
Dodging        | 1 3 5 6 7 8 9 10 11 12 | 12.8
Evocations     | 1 2 4 6 7 8 |  8.0
Shields        | 5 6 7 8 9 10 11 12 | 12.7
Hexes          | 3 4 5 6 7 9 10 | 10.0
Charms         | 3 4 5 7 8 9 10 | 10.0
Spellcasting   | 2 4 |  4.0
Necromancy     | 3 4 5 6 8 9 10 | 10.0
Stealth        | 3 5 6 8 9 10 | 10.9

Action                   |  1- 3 |  4- 6 |  7- 9 | 10-12 | 13-15 | 16-18 | 19-21 || total
-------------------------+-------+-------+-------+-------+-------+-------+-------++-------
Melee: Flail             |    27 |       |       |       |       |       |       ||    27
       Whip              |    23 |   257 |   248 |   998 |   272 |       |       ||  1798
       Morningstar       |       |       |       |       |  1778 |  2018 |   224 ||  4020
       Demon whip        |       |       |       |       |       |       |  1153 ||  1153
Throw: Boomerang         |     4 |     6 |       |       |       |       |       ||    10
       Dart              |       |       |    11 |       |       |       |       ||    11
       Throwing net      |       |       |     1 |       |       |       |       ||     1
 Cast: Regeneration      |       |       |       |       |       |     1 |     3 ||     4
       Spectral Weapon   |       |       |       |       |       |       |     2 ||     2
 Abil: Evoke Berserk Rag |       |       |       |       |     2 |       |     1 ||     3
Evoke: Wand              |       |       |       |    11 |     8 |     3 |     4 ||    26
       Lightning rod     |       |       |       |       |       |     8 |     4 ||    12
       Phial of floods   |       |       |       |       |       |       |     1 ||     1
  Use: Scroll            |       |     7 |     8 |    14 |    12 |     6 |    11 ||    58
       Potion            |       |       |       |     1 |     2 |       |     2 ||     5
 Stab: Held in net/web   |       |       |     2 |       |       |       |       ||     2
       Sleeping          |       |       |       |     1 |     6 |    23 |    22 ||    52
       Distracted        |       |       |       |       |     1 |     8 |     4 ||    13
       Confused          |       |       |       |       |       |       |     1 ||     1
  Eat: Chunk             |     1 |     4 |     7 |    15 |    21 |    10 |    15 ||    73
       Ration            |       |     1 |     1 |     4 |     8 |    10 |     3 ||    27
Armor: Scale mail        |    17 |    11 |       |       |       |       |       ||    28
       Chain mail        |       |    69 |     5 |       |       |       |       ||    74
       Ring mail         |       |       |    63 |   191 |   468 |   197 |       ||   919
       Shadow dragon sca |       |       |       |       |       |   524 |   354 ||   878
Dodge: Dodged            |    16 |    39 |    50 |   264 |  1080 |  1384 |   729 ||  3562
Block: Shield            |    26 |    86 |    46 |       |   399 |  1550 |   877 ||  2984
       Large shield      |       |       |    55 |   712 |  1417 |       |       ||  2184

Table legend:
 A = Non-vault XP
 B = Vault XP
 C = Vault XP percentage of total XP
 D = Non-vault monster count
 E = Vault monster count
 F = Vault count percentage of total count
                 A         B        C        D         E       F
            +---------+---------+-------+---------+---------+-------
      Total |  438388 |  255028 |  36.8 |    1220 |     439 |  26.5
            +---------+---------+-------+---------+---------+-------
        D:1 |       9 |       0 |   0.0 |       7 |       0 |   0.0
        D:2 |     146 |       0 |   0.0 |      18 |       0 |   0.0
        D:3 |     144 |      40 |  21.7 |      26 |       3 |  10.3
        D:4 |     341 |       0 |   0.0 |      22 |       0 |   0.0
        D:5 |     247 |       0 |   0.0 |      11 |       0 |   0.0
        D:6 |     762 |     475 |  38.4 |      24 |       3 |  11.1
        D:7 |     871 |    1915 |  68.7 |      23 |       4 |  14.8
        D:8 |    1947 |     515 |  20.9 |      21 |       4 |  16.0
        D:9 |    1655 |    3029 |  64.7 |      21 |      11 |  34.4
       D:10 |    3083 |     434 |  12.3 |      40 |       1 |   2.4
       D:11 |    5639 |       0 |   0.0 |      40 |       0 |   0.0
       D:12 |    6006 |    1746 |  22.5 |      49 |      20 |  29.0
       D:13 |    5614 |    3020 |  35.0 |      18 |       4 |  18.2
       D:14 |    1494 |   10591 |  87.6 |       6 |       9 |  60.0
       D:15 |   17673 |    5328 |  23.2 |      60 |       7 |  10.4
     Lair:1 |    4982 |       0 |   0.0 |      21 |       0 |   0.0
     Lair:2 |    9049 |       0 |   0.0 |      40 |       0 |   0.0
     Lair:3 |    9381 |       0 |   0.0 |      22 |       0 |   0.0
     Lair:4 |   12528 |    1853 |  12.9 |      34 |      12 |  26.1
     Lair:5 |   19457 |       0 |   0.0 |      55 |       0 |   0.0
     Lair:6 |    6794 |   12063 |  64.0 |      31 |      37 |  54.4
    Swamp:1 |    7722 |    6941 |  47.3 |      26 |       9 |  25.7
    Swamp:2 |   16286 |    5258 |  24.4 |      44 |       6 |  12.0
    Swamp:3 |    8605 |    2120 |  19.8 |      19 |       1 |   5.0
    Swamp:4 |    9261 |   23061 |  71.3 |      19 |      28 |  59.6
    Snake:1 |    7834 |    5444 |  41.0 |      13 |       8 |  38.1
    Snake:2 |    7599 |    2350 |  23.6 |      14 |       4 |  22.2
    Snake:3 |   28322 |       0 |   0.0 |      57 |       0 |   0.0
    Snake:4 |   22117 |   27325 |  55.3 |      34 |      44 |  56.4
      Orc:1 |    4965 |     136 |   2.7 |      18 |       1 |   5.3
      Orc:2 |    5464 |    5766 |  51.3 |      36 |      37 |  50.7
   Vaults:1 |   39212 |   26932 |  40.7 |      77 |      37 |  32.5
   Vaults:2 |   49503 |   52588 |  51.5 |      94 |      47 |  33.3
   Vaults:3 |   30249 |   11740 |  28.0 |      45 |      25 |  35.7
   Vaults:4 |   46596 |   23299 |  33.3 |      75 |      27 |  26.5
   Depths:1 |   42520 |   10356 |  19.6 |      56 |       8 |  12.5
   Depths:2 |    4311 |       0 |   0.0 |       4 |       0 |   0.0
      IceCv |       0 |    6325 | 100.0 |       0 |      29 | 100.0
   Gauntlet |       0 |    4378 | 100.0 |       0 |      13 | 100.0
            +---------+---------+-------+---------+---------+-------
